General information
- name: j4s
- type: Custom game
- host: DkH.Hostbot1
- saver: DkH.BuZ
map: EchoIsles
- players: 5
- length: 24:01
- speed: Fast
- version: 1.26 W3XP
- replay type: Public
» download(160 KB)
Players
team 1 (winner)
Starshaped (
teal | 137 APM | 3281 actions | 23:59)
6 Beastmaster
2 Summon Bear
3 Summon Quilbeast
1 Stampede
3 Archmage
1 Brilliance Aura
2 Summon Water Elemental
» actions
| Assign group hotkey | 113 | |
| Basic commands | 274 | |
| Build / train | 112 | |
| ESC pressed | 5 | |
| Enter build submenu | 55 | |
| Enter hero's abilities submenu | 9 | |
| Give item / drop item | 2 | |
| Right click | 970 | |
| Select / deselect | 654 | |
| Select group hotkey | 945 | |
| Use ability | 142 | |
3281 total
» units
| Peasant | 25 | |
| Footman | 11 | |
| Forest Troll Shadow Priest | 5 | |
| Forest Troll Berserker | 2 | |
| Mud Golem | 3 | |
| Ogre Mauler | 1 | |
| Mortar Team | 5 | |
| Spell Breaker | 3 | |
| Priest | 2 | |
| Rifleman | 2 | |
| Sorceress | 2 | |
61 total
» upgrades
| Backpack | 1 | |
| Defend | 1 | |
| Priest Training | 1 | |
| Gunpowder | 2 | |
| Long Rifles | 1 | |
| Plating | 1 | |
7 total
» buildings
| Lumber Mill | 1 | |
| Scout Tower | 22 | |
| Guard Tower | 9 | |
| Farm | 10 | |
| Altar of Kings | 1 | |
| Barracks | 2 | |
| Arcane Tower | 8 | |
| Arcane Vault | 2 | |
| Town Hall | 1 | |
| Keep | 1 | |
| Blacksmith | 1 | |
| Workshop | 1 | |
| Arcane Sanctum | 3 | |
62 total
» build order
00:17 Lumber Mill
00:51 Scout Tower
00:53 Scout Tower
00:54 Scout Tower
00:58 Scout Tower
01:18 Guard Tower
01:20 Guard Tower
01:25 Guard Tower
01:25 Guard Tower
01:32 Scout Tower
01:33 Scout Tower
01:52 Guard Tower
02:07 Farm
02:30 Altar of Kings
02:39 Scout Tower
03:35 Scout Tower
04:47 Guard Tower
04:59 Scout Tower
05:12 Farm
05:31 Barracks
06:06 Arcane Tower
06:26 Farm
07:24 Farm
07:49 Arcane Vault
09:01 Farm
09:28 Town Hall
09:45 Scout Tower
09:46 Scout Tower
10:13 Arcane Tower
10:20 Guard Tower
11:21 Barracks
12:52 Keep
13:20 Scout Tower
13:20 Scout Tower
13:29 Blacksmith
13:48 Arcane Tower
13:49 Arcane Tower
13:51 Scout Tower
14:23 Arcane Tower
14:25 Scout Tower
14:26 Scout Tower
15:12 Arcane Tower
15:22 Workshop
15:24 Arcane Sanctum
15:41 Arcane Sanctum
15:43 Farm
15:53 Arcane Sanctum
16:30 Farm
17:53 Farm
17:56 Farm
19:33 Farm
20:17 Scout Tower
20:18 Scout Tower
20:49 Guard Tower
20:50 Arcane Tower
21:22 Scout Tower
21:23 Arcane Vault
21:30 Scout Tower
21:33 Scout Tower
21:59 Arcane Tower
22:00 Guard Tower
23:50 Scout Tower
» items
| Dust of Appearance | 1 | |
| Boots of Speed | 1 | |
| Lesser Clarity Potion | 4 | |
| Scroll of Regeneration | 2 | |
| Scroll of Town Portal | 2 | |
| Scroll of Healing | 3 | |
| Potion of Lesser Invulnerability | 1 | |
| Potion of Healing | 1 | |
15 total
team 2 (loser)
WoLv (
blue | 217 APM | 5200 actions | 23:59)
6 Firelord
3 Summon Lava Spawn
2 Soul Burn
1 Volcano
4 Pandaren Brewmaster
2 Breath of Fire
2 Drunken Haze
» actions
| Assign group hotkey | 78 | |
| Basic commands | 342 | |
| Build / train | 106 | |
| Enter build submenu | 14 | |
| Enter hero's abilities submenu | 10 | |
| Give item / drop item | 5 | |
| Remove unit from queue | 1 | |
| Right click | 2284 | |
| Select / deselect | 826 | |
| Select group hotkey | 1356 | |
| Use ability | 178 | |
5200 total
» units
| Wisp | 18 | |
| Archer | 7 | |
| Forest Troll Shadow Priest | 9 | |
| Forest Troll Berserker | 6 | |
| Ogre Mauler | 3 | |
| Mud Golem | 3 | |
| Huntress | 1 | |
| Dryad | 7 | |
| Druid of the Claw | 9 | |
63 total
» upgrades
| Ultravision | 1 | |
| Abolish Magic | 1 | |
| Druid of the Claw Training | 2 | |
| Well Spring | 1 | |
| Mark of the Claw | 1 | |
| Reinforced Hides | 1 | |
7 total
» buildings
| Moon Well | 6 | |
| Ancient of War | 1 | |
| Altar of Elders | 1 | |
| Tree of Ages | 3 | |
| Hunter's Hall | 1 | |
| Ancient of Wonders | 1 | |
| Ancient of Lore | 2 | |
| Tree of Eternity | 2 | |
| Tree of Life | 1 | |
18 total
» build order
00:30 Moon Well
00:31 Ancient of War
01:10 Altar of Elders
01:18 Moon Well
08:30 Moon Well
09:01 Tree of Ages
09:01 Tree of Ages
09:01 Tree of Ages
09:22 Hunter's Hall
10:16 Ancient of Wonders
11:37 Ancient of Lore
11:42 Ancient of Lore
13:24 Moon Well
15:10 Tree of Eternity
15:10 Tree of Eternity
19:10 Moon Well
19:13 Moon Well
19:43 Tree of Life
» items
| Scroll of Healing | 1 | |
| Lesser Clarity Potion | 5 | |
| Staff of Preservation | 2 | |
| Potion of Healing | 1 | |
| Orb of Venom | 1 | |
| Anti-magic Potion | 1 | |
11 total
observerspHiLiPP-,
Virus.nECorNoX,
DkH.BuZ Chat log
(00:00 / 15) Starshaped: Your load time was 7.89 seconds.
(00:09 / Observers) pHiLiPP-: 4.61 seconds loaded
(00:10 / Observers) Virus.nECorNoX: quel pd
(00:10 / Observers) pHiLiPP-: :)
(00:12 / Observers) pHiLiPP-: tower rush
(00:13 / Observers) pHiLiPP-: :D
(00:15 / Observers) Virus.nECorNoX: tout ça pour un trush péon
(00:17 / Observers) Virus.nECorNoX: ye
(00:23 / Observers) Virus.nECorNoX: j'ai du join 2 fois aussi
(00:36 / All) WoLv: gl
(00:37 / All) Starshaped: hf
(00:46 / All) WoLv: ;D
(00:50 / Observers) pHiLiPP-: tav hero fail
(00:52 / Observers) DkH.BuZ: il a lose là l'elf
(00:53 / Observers) pHiLiPP-: will be too late :D
(00:54 / Observers) DkH.BuZ: non?
(01:02 / Observers) Virus.nECorNoX: il le fait d'une façon particulière
(01:04 / Observers) Virus.nECorNoX: star
(01:07 / Observers) Virus.nECorNoX: son trush péon
(01:15 / Observers) Virus.nECorNoX: il a pas fait l'aow sur le cc
(01:18 / Observers) Virus.nECorNoX: c un avantage
(01:20 / Observers) Virus.nECorNoX: pr l'elf
(01:35 / Observers) Virus.nECorNoX: star il target la goldmine
(01:37 / Observers) Virus.nECorNoX: pas le main
(01:41 / Observers) Virus.nECorNoX: c pas mal
(01:59 / Observers) pHiLiPP-: pas = non
(02:03 / Observers) pHiLiPP-: non mal`?
(02:04 / Observers) DkH.BuZ: not
(02:27 / Observers) Virus.nECorNoX: ye
(02:29 / Observers) Virus.nECorNoX: bonne décision
(02:35 / Observers) pHiLiPP-: oui
(02:52 / Observers) Virus.nECorNoX: almost gg
(03:18 / Observers) Virus.nECorNoX: c ça le pb de sa strat
(03:20 / Observers) Virus.nECorNoX: à star
(03:24 / Observers) Virus.nECorNoX: de pas target le main
(03:30 / Observers) DkH.BuZ: il gagne qd même non?
(03:38 / Observers) Virus.nECorNoX: ça revient à avoir presque la mm éco
(03:40 / Observers) Virus.nECorNoX: que l'elf
(03:49 / Observers) Virus.nECorNoX: l'elf aura
(03:54 / Observers) Virus.nECorNoX: mb 3000 en moins
(03:57 / Observers) Virus.nECorNoX: au lieu de 5k
(05:21 / Observers) pHiLiPP-: avec dh je peux gagner towerrush
(05:23 / Observers) Virus.nECorNoX: 2500 gold
(07:58 / Observers) pHiLiPP-: wolv
(08:01 / Observers) pHiLiPP-: lost 150 mana
(08:09 / Observers) pHiLiPP-: not good
(08:12 / Observers) pHiLiPP-: he needed
(08:14 / Observers) pHiLiPP-: 150 mana
(08:18 / Observers) pHiLiPP-: to win towers in his base
(09:20 / Observers) pHiLiPP-: good item
(10:58 / Observers) pHiLiPP-: lol
(11:00 / Observers) pHiLiPP-: already lv 4
(11:01 / Observers) pHiLiPP-: 5
(13:42 / Observers) pHiLiPP-: he must kill towers
(13:45 / Observers) pHiLiPP-: for new expo
(15:16 / Observers) pHiLiPP-: gg
(15:17 / All) Starshaped: pHiLiPP- has left the game voluntarily.
(16:51 / Observers) Virus.nECorNoX: come on
(16:56 / Observers) Virus.nECorNoX: 5 à l'exp mb
(18:40 / Observers) Virus.nECorNoX: il va la perdre wolv
(18:50 / Observers) Virus.nECorNoX: à force de wait
(20:53 / Observers) Virus.nECorNoX: volcan!
(21:47 / Observers) Virus.nECorNoX: omfg
(22:08 / Observers) DkH.BuZ: les dinosaures bientôt
(22:11 / Observers) Virus.nECorNoX: ye
(22:58 / Observers) Virus.nECorNoX: omg
(23:00 / Observers) DkH.BuZ: xd
(23:12 / Observers) Virus.nECorNoX: dinosauuuure
(23:30 / Observers) DkH.BuZ: il veut vmt pas volcan
(23:35 / Observers) Virus.nECorNoX: il l'a fait
(23:38 / Observers) Virus.nECorNoX: t'as pas vu?
(23:39 / Observers) DkH.BuZ: non
(23:41 / Observers) DkH.BuZ: :(
(23:42 / Observers) Virus.nECorNoX: il a duré
(23:44 / Observers) Virus.nECorNoX: 0.5 sec
(23:47 / Observers) DkH.BuZ: hm!
(23:49 / Observers) Virus.nECorNoX: sur les tours cachées
(23:52 / Observers) Virus.nECorNoX: et il a cancel
(23:53 / Observers) Virus.nECorNoX: ce con
(23:58 / Observers) DkH.BuZ: ah
(23:59 / All) Starshaped: WoLv has left the game voluntarily.
(23:59 / All) Starshaped: Starshaped has left the game voluntarily.
(24:00 / All) DkH.BuZ: Virus.nECorNoX has left the game voluntarily.